 Dungeon Crawl Stone Soup version 0.22.0-27-ga576289 (console) character file.

11 removed the Sneak (level 2, -3/20 HPs)
             Began as a Ghoul Enchanter on Aug 21, 2018.
             Slain by a gnoll
             ... wielding a +0 flail
              (7 damage)
             ... on level 1 of the Dungeon.
             The game lasted 00:00:28 (559 turns).

removed the Sneak (Ghoul Enchanter)                  Turns: 559, Time: 00:00:29

Health: -3/20      AC:  5    Str: 11    XL:     2   Next: 29%
Magic:  3/3        EV: 10    Int: 10    God:
Gold:   0          SH:  0    Dex:  9    Spells: 3/4 levels left

rFire    . . .     SeeInvis .     - Unarmed
rCold    + . .     Gourm    .   (no shield)
rNeg     + + +     Faith    .   h - +0 ring mail
rPois    ∞         Spirit   .   (no helmet)
rElec    .         Reflect  .   (no cloak)
rCorr    .         Harm     .   (no gloves)
MR       .....                  (no boots)
Stlth    +.........             (no amulet)
HPRegen  0.00/turn              (no ring)
MPRegen  0.08/turn              (no ring)

@: rotting
A: rotting body, claws 1, carnivore, cold resistance 1, negative energy
resistance 3, inhibited regeneration, torment resistance, unbreathing
a: no special abilities


You were on level 1 of the Dungeon.
You were not hungry.

You visited 1 branch of the dungeon, and saw 1 of its levels.

Inventory:

Armour
 b - a +0 robe
 h - a +0 ring mail (worn)
Scrolls
 e - a scroll of identify {unknown}
Potions
 f - a potion of flight {unknown}
Comestibles
 d - 2 rations
 i - 2 chunks of flesh


   Skills:
   Level 0.8 Short Blades
 - Level 1.7 Dodging
 - Level 3.2 Stealth
 + Level 2.1 Unarmed Combat
 - Level 1.7 Spellcasting
 - Level 2.4 Hexes


You had 3 spell levels left.
You knew the following spells:

 Your Spells              Type           Power        Failure   Level  Hunger
a - Corona                Hex            #......      28%         1    ##.....

Your spell library contained the following spells:

 Spells                   Type           Power        Failure   Level  Hunger
 Ensorcelled Hibernation  Hex/Ice        #.....       58%         2    ###....
 Confuse                  Hex            #.......     65%         3    ####...
 Tukima's Dance           Hex            #.......     65%         3    ####...
 Dazzling Spray           Conj/Hex       #.....       82%         3    ####...


Dungeon Overview and Level Annotations

Branches:
Dungeon (1/15)

Altars:


Innate Abilities, Weirdness & Mutations

Your body is rotting away.
You thrive on raw meat.
You are immune to poison.
You have sharp fingernails.
You are carnivorous and can eat meat at any time.
Your flesh is cold resistant. (rC+)
You are immune to negative energy. (rN+++)
You do not regenerate when monsters are visible.
You are immune to unholy pain and torment.
You can survive without breathing.


Message History

a dagger; a goblin corpse No target in view!
You butcher the goblin corpse.
i - 2 chunks of flesh You see here a dagger.
A frilled lizard comes into view.
A frilled lizard is nearby!
A frilled lizard is nearby!
A gnoll comes into view. It is wielding a flail.
The gnoll shouts!
Found a stone staircase leading down.
The frilled lizard hisses angrily.
The gnoll hits you with a flail!
You scratch the gnoll.
The gnoll is moderately wounded.
The gnoll hits you with a flail!
* * * LOW HITPOINT WARNING * * *
The frilled lizard bites you but does no damage.
The gnoll hits you with a flail!
You die...

..# #...#
##.............. .#
#..............#.......#
.
##..##.###.#.###..###..#
..## # #.#.###..# ...
#........# ..#
###......# .###
##...###.# ##.....##...
#...@g>.###.#
#...l.....# .#
+.............
#..............
##............
##.....#.....
##...##..... ##+## ...


You could see a gnoll and a frilled lizard.

Vanquished Creatures
  A giant cockroach (D:1)
  3 goblins (D:1)
  2 hobgoblins (D:1)
  A ball python (D:1)
  2 bats (D:1)
  A kobold (D:1)
  A rat (D:1)
11 creatures vanquished.

Notes
Turn   | Place    | Note
-------+----------+-------------------------------------------
     0 | D:1      | removed the Ghoul Enchanter began the quest for the Orb.
     0 | D:1      | Reached XP level 1. HP: 14/14 MP: 2/2
    34 | D:1      | Reached skill level 1 in Unarmed Combat
   203 | D:1      | Reached XP level 2. HP: 20/20 MP: 3/3
   559 | D:1      | Slain by a gnoll

Skill      XL: |  1  2 |
---------------+-------+-----
Unarmed Combat | 1 2 |  2.1
Short Blades   | |  0.8
Dodging        | |  1.7
Stealth        | |  3.2
Spellcasting   | |  1.7
Hexes          | |  2.4

Action                   || total
-------------------------++-------
Melee: Unarmed           ||    37
 Stab: Sleeping          ||     1
  Eat: Chunk             ||     2
Armor: Robe              ||     6
       Ring mail         ||     7
Dodge: Dodged            ||    13
